 Dungeon Crawl Stone Soup version 0.26-a0-683-g5206c1d7ac (webtiles) character file.

Game seed: 4543811264487197253

62 Ijustatesigmund the Sneak (level 3, 0/19 HPs)
             Began as a Spriggan Delver on Oct 22, 2020.
             Slain by a killer bee (8 damage)
             ... on level 7 of the Dungeon.
             The game lasted 00:02:23 (647 turns).

Ijustatesigmund the Sneak (Spriggan Delver)          Turns: 647, Time: 00:02:24

Health: 0/19       AC:  2    Str:  8    XL:     3   Next: 85%
Magic:  4/4        EV: 19    Int: 17    God:
Gold:   7          SH:  0    Dex: 18    Spells: 2/2 levels left

rFire    . . .     SeeInvis +   a - +0 short sword
rCold    . . .     Faith    .   (shield restricted)
rNeg     . . .     Spirit   .   b - +0 robe
rPois    .         Reflect  .   (helmet restricted)
rElec    .         Harm     .   (no cloak)
rCorr    .         Rampage  .   (gloves unavailable)
MR       .....                  (boots unavailable)
Stlth    ++++......             (no amulet)
HPRegen  0.06/turn              h - +6 ring of intelligence
MPRegen  0.09/turn              (no ring)

@: very quick
A: very small, unfitting armour, see invisible, speed 3
a: no special abilities


You were on level 7 of the Dungeon.
You visited 1 branch of the dungeon, and saw 3 of its levels.

You collected 7 gold pieces.

Inventory:

Hand Weapons
 a - a +0 short sword (weapon)
Missiles
 i - 18 poisoned darts (quivered)
Armour
 b - a +0 robe (worn)
Jewellery
 h - a +6 ring of intelligence (left hand)
Wands
 g - a wand of digging (3)
Scrolls
 d - a scroll of magic mapping
Potions
 f - a potion of haste


   Skills:
 + Level 2.9 Fighting
 + Level 3.0 Short Blades
 + Level 4.0 Dodging
 + Level 7.8 Stealth


You had 2 spell levels left.
You didn't know any spells.
Your spell library was empty.

Dungeon Overview and Level Annotations

Branches:
Dungeon (7/15)
 Temple: D:4-7

Altars:
Xom

Shops:
D:6 [=


Innate Abilities, Weirdness & Mutations

You are very small and have problems with some larger weapons.
You are too small for most types of armour.
You have supernaturally acute eyesight. (SInv)
You cover ground extremely quickly.


Message History

Throwing (i - inventory)
i - 19 poisoned darts (quivered)
Press: ? - help, Shift-Dir - straight line, f/p - killer bee
Aim: a killer bee You throw a poisoned dart.
The poisoned dart hits the killer bee.
The killer bee is poisoned.
The killer bee barely misses you. The killer bee stings you.
You hit the killer bee but do no damage.
The killer bee is lightly wounded.
The killer bee completely misses you.
The killer bee stings you but does no damage.
You hit the killer bee.
The killer bee is moderately wounded.
The killer bee stings you. The killer bee closely misses you.
You hit the killer bee.
The killer bee is heavily wounded.
The killer bee closely misses you. x2
You miss the killer bee.
The killer bee is severely wounded.
The killer bee completely misses you. The killer bee stings you!
You die...

#.......#.########
##.###.#.#.####### ..#
#.......[#.#...... ..#
#..##.####.# #.... ..###
#..##......# +.... ....
#..###....####....#####..# #
#....+.........(.........#.#
##.###....########.....#..#
#..............@y....(+..#
#################.....#y.#
#######..... #.#y... .# ###
y. y# .y


You could see a killer bee (poisoned).

Vanquished Creatures
  A bullfrog (D:7)
  A quokka skeleton (D:6)
2 creatures vanquished.

Notes
Turn   | Place    | Note
-------+----------+-------------------------------------------
     0 | D:5      | Ijustatesigmund the Spriggan Delver began the quest for the
                  | Orb.
     0 | D:5      | Reached XP level 1. HP: 11/11 MP: 2/2
     1 | D:5      | Found a shimmering altar of Xom.
     1 | D:5      | Found a shimmering altar of Xom.
     2 | D:5      | Found a shimmering altar of Xom.
     2 | D:5      | Found a shimmering altar of Xom.
     2 | D:5      | Found a shimmering altar of Xom.
     2 | D:5      | Found a shimmering altar of Xom.
     2 | D:5      | Found a shimmering altar of Xom.
     2 | D:5      | Noticed a centaur
     2 | D:5      | Noticed a phantom
    42 | D:5      | Noticed an orc wizard
    51 | D:6      | Found Yphyath's Jewellery Shoppe.
   237 | D:6      | Noticed an ice beast
   238 | D:6      | Noticed a bullfrog
   252 | D:6      | Noticed an iguana
   267 | D:6      | Found Menkar's Antique Armour Emporium.
   268 | D:6      | Noticed a centaur
   279 | D:6      | Noticed a centaur
   579 | D:7      | Noticed a bullfrog
   586 | D:7      | Killed a bullfrog
   586 | D:7      | Reached XP level 2. HP: 16/16 MP: 3/3
   586 | D:7      | Reached XP level 3. HP: 19/19 MP: 4/4
   633 | D:7      | Noticed a killer bee
   633 | D:7      | Noticed a killer bee
   633 | D:7      | Noticed a killer bee
   633 | D:7      | Noticed a killer bee
   633 | D:7      | Noticed a killer bee
   634 | D:7      | Noticed a killer bee
   647 | D:7      | Slain by a killer bee

Illustrated notes

Levels and vault maps discovered:
D:5:      layout_rooms, yredelemnul_forgotten_temple_becter, xom_redecorated
D:6:      hangedman_cross_stitches, layout_cave_pools, minmay_temple_entry_mist,
          serial_shops, nicolae_shop_temple_entry_statues_fountains,
          nicolae_shop_crystal, shop, shop
D:7:      layout_basic, fedhas_altar_fruit_tree, regret_index_temple_of_mockery,
          gammafunk_ghost_wrathful_warriors, hangedman_decor_points,
          chequers_avenue, minmay_manual_maat

Skill      XL: |  1 |
---------------+----+-----
Short Blades   | 3 |  3.0
Dodging        | 4 |  4.0
Fighting       | |  2.9
Stealth        | |  7.8

Action                   || total
-------------------------++-------
Melee: Short sword       ||     7
Throw: Dart              ||     2
  Use: Scroll            ||     2
 Stab: Sleeping          ||     2
Armor: Robe              ||     2
Dodge: Dodged            ||    13

Table legend: (Time is in decaauts)
 A = Elapsed time spent in this place.
 B = Non-inter-level travel time spent in this place.
 C = Inter-level travel time spent in this place.
 D = Time resting spent in this place.
 E = Time spent auto-exploring this place.
 F = Levels seen in this place.
 G = Mean time per level.
                   A        B        C        D        E       F      G
               +--------+--------+--------+--------+--------+-----+--------+
         Total |    579 |    579 |      0 |    458 |      1 |   3 |  193.0 |
       Dungeon |    579 |    579 |      0 |    458 |      1 |   3 |  193.0 |
               +--------+--------+--------+--------+--------+-----+--------+

Top non-repeatable levels by time:
     D:7: 335 daAuts
     D:6: 212 daAuts
     D:5: 31 daAuts
